 Dungeon Crawl Stone Soup version 0.30-a0-808-g6e0788376e (webtiles) character file.

Game seed: 3272192199363795536

89 Darkkill the Shooter (level 4, 0/38 HPs)
             Began as a Minotaur Hunter on Feb 24, 2023.
             Slain by a gnoll
             ... wielding a +0 spear
              (9 damage)
             ... on level 2 of the Dungeon on Feb 26, 2023.
             The game lasted 00:01:46 (1179 turns).

Darkkill the Shooter (Minotaur Hunter)              Turns: 1179, Time: 00:01:46

Health: 0/38       AC:  3    Str: 15    XL:     4   Next: 31%
Magic:  3/3        EV: 12    Int:  6    God:
Gold:   60         SH:  0    Dex: 16    Spells: 3/3 levels left

rFire   . . .      SeeInvis .    a - +0 shortbow
rCold   . . .      Faith    .    (shield currently unavailable)
rNeg    . . .      Spirit   .    c - +0 leather armour
rPois   .          Reflect  .    (helmet restricted)
rElec   .          Harm     .    (no cloak)
rCorr   .          Rampage  .    (no gloves)
Will    .....                    (no boots)
Stlth   ++                       (no amulet)
HPRegen 0.26/turn                (no ring)
MPRegen 0.08/turn                (no ring)

@: no status effects
A: horns 2, retaliatory headbutt
a: no special abilities


You were on level 2 of the Dungeon.
You visited 1 branch of the dungeon, and saw 2 of its levels.

You collected 60 gold pieces.

Inventory:

Hand Weapons
 a - a +0 shortbow (weapon)
Missiles
 e - 4 poisoned darts
 f - 5 stones
Armour
 c - a +0 leather armour (worn)
Scrolls
 b - 3 scrolls of immolation
 g - 2 scrolls of noise


   Skills:
 + Level 3.5 Fighting
 + Level 4.9 Ranged Weapons
 + Level 3.1 Dodging
 + Level 1.9 Stealth


You had 3 spell levels left.
You didn't know any spells.
Your spell library was empty.

Dungeon Overview and Level Annotations

Branches:
Dungeon (2/15)

Altars:

Shops:
D:1 ?


Innate Abilities, Weirdness & Mutations

You have a pair of horns on your head.
You reflexively headbutt those who attack you in melee.


Message History

The gnoll shouts!
You hear a shout!
A giant cockroach comes into view.
There are monsters nearby!
You shoot an arrow. The arrow hits the gnoll!
The gnoll is severely wounded.
There are monsters nearby!
You shoot an arrow. The arrow hits the gnoll.
The gnoll is moderately wounded.
A gnoll comes into view.
It is wielding a +1 flail of holy wrath.
There are monsters nearby!
You shoot an arrow. The arrow barely misses the gnoll.
The arrow hits the gnoll but does no damage.
There are monsters nearby!
You shoot an arrow. The arrow hits the gnoll.
The gnoll is almost dead.
A gnoll comes into view. It is wielding a +0 club.
You shoot an arrow. The arrow closely misses the gnoll.
The arrow barely misses the gnoll.
The gnoll shouts!
The giant cockroach bites you. The gnoll closely misses you.
You furiously retaliate!
You headbutt the gnoll.
You kill the gnoll!
The gnoll misses you.
You shoot an arrow.
The arrow hits the giant cockroach but does no damage.
The giant cockroach barely misses you. The giant cockroach misses you.
The gnoll misses you.
You shoot an arrow. The arrow hits the giant cockroach.
The giant cockroach is moderately wounded.
The giant cockroach bites you.
The gnoll hits you from afar with a +0 spear.
The giant cockroach barely misses you.
You shoot an arrow.
The arrow hits the giant cockroach but does no damage.
The giant cockroach is moderately wounded.
The gnoll hits you with a +1 flail of holy wrath.
The gnoll hits you from afar with a +0 spear.
The giant cockroach bites you but does no damage.
The gnoll misses you. The gnoll barely misses you.
You are too injured to fight recklessly!
You are too injured to fight recklessly!
You are too injured to fight recklessly!
The giant cockroach closely misses you. You furiously retaliate!
You headbutt the giant cockroach!
You kill the giant cockroach!
The gnoll attacks as you move away!
The gnoll hits you with a +1 flail of holy wrath.
There are no items here.
Fire: a) +0 shortbow
Press: ? - help, Q - select action, (/) - cycle Shift-Dir - straight line, f - gnoll
Aim: a gnoll, wielding a +1 flail of holy wrath (66% to hit)
You shoot an arrow.
The arrow hits the gnoll but does no damage.
The gnoll barely misses you.
Fire: a) +0 shortbow
Press: ? - help, Q - select action, (/) - cycle Shift-Dir - straight line, f/p - gnoll
Aim: a gnoll, wielding a +1 flail of holy wrath (66% to hit)
You shoot an arrow. The arrow hits the gnoll.
The gnoll is moderately wounded.
The gnoll hits you with a +1 flail of holy wrath!
Fire: a) +0 shortbow
Press: ? - help, Q - select action, (/) - cycle Shift-Dir - straight line, f/p - gnoll
Aim: a gnoll, wielding a +1 flail of holy wrath (moderately wounded, 66% to hit)
You shoot an arrow. The arrow hits the gnoll.
The gnoll is severely wounded.
The gnoll completely misses you. You furiously retaliate!
You headbutt the gnoll.
You kill the gnoll!
The gnoll hits you from afar with a +0 spear.
* * * LOW HITPOINT WARNING * * *
Fire: a) +0 shortbow
Press: ? - help, Q - select action, (/) - cycle Shift-Dir - straight line, f - gnoll
Aim: a gnoll, wielding a +0 spear (moderately wounded, 66% to hit)
You shoot an arrow. The arrow hits the gnoll!
The gnoll is almost dead.
The gnoll misses you.
Fire: a) +0 shortbow
Press: ? - help, Q - select action, (/) - cycle Shift-Dir - straight line, f/p - gnoll
Aim: a gnoll, wielding a +0 spear (almost dead, 66% to hit)
You shoot an arrow. The arrow closely misses the gnoll.
The gnoll hits you from afar with a +0 spear.
* * * LOW HITPOINT WARNING * * *
Fire: a) +0 shortbow
Press: ? - help, Q - select action, (/) - cycle Shift-Dir - straight line, f/p - gnoll
Aim: a gnoll, wielding a +0 spear (almost dead, 66% to hit)
You shoot an arrow. The arrow closely misses the gnoll.
The gnoll closely misses you.
Fire: a) +0 shortbow
Press: ? - help, Q - select action, (/) - cycle Shift-Dir - straight line, f/p - gnoll
Aim: a gnoll, wielding a +0 spear (almost dead, 66% to hit)
You shoot an arrow. The arrow hits the gnoll.
The gnoll is almost dead.
The gnoll barely misses you.
Fire: a) +0 shortbow
Press: ? - help, Q - select action, (/) - cycle Shift-Dir - straight line, f/p - gnoll
Aim: a gnoll, wielding a +0 spear (almost dead, 66% to hit)
You shoot an arrow. The arrow barely misses the gnoll.
The gnoll misses you.
The gnoll hits you from afar with a +0 spear!
You die...

#.
#.#########
##.. #.#
#.....# .....
#.# #.....#
.....# #.#
#.....# ###
....# #.#
#.....####..
#.)###.#
#.....##..†#
#.g.#.#
#......†.###
###)#.#
#......###
#@#.#
#.....##
#.#.#####'###
#.........#
##...######
##>## ###


You could see a gnoll.

Vanquished Creatures
  2 gnolls (D:2)
  3 adders (D:2)
  3 dart slugs
  6 bats
  3 endoplasms
  7 giant cockroaches
  3 hobgoblins
  A kobold (D:1)
  A quokka (D:1)
  A frilled lizard (D:1)
  2 goblins (D:1)
  3 rats
  A spectral hobgoblin (D:1)
36 creatures vanquished.

Vanquished Creatures (others)
  A plant (D:1)
1 creature vanquished.

Grand Total: 37 creatures vanquished

Notes
Turn   | Place    | Note
-------+----------+-------------------------------------------
     0 | D:1      | Darkkill the Minotaur Hunter began the quest for the Orb.
     0 | D:1      | Reached XP level 1. HP: 18/18 MP: 0/0
     0 | D:1      | Upgraded the game from 0.30-a0-802-gb92711bcdf to
                  | 0.30-a0-808-g6e0788376e
    43 | D:1      | Reached skill level 1 in Stealth
    87 | D:1      | Reached XP level 2. HP: 25/25 MP: 1/1
    87 | D:1      | Found a faded altar of an unknown god.
   137 | D:1      | Found Ipauhail's Magic Scroll Shoppe.
   910 | D:2      | HP: 5/26 [adder (1)]
   912 | D:2      | Reached XP level 3. HP: 5/31 MP: 2/2
  1152 | D:2      | Reached XP level 4. HP: 38/38 MP: 3/3
  1179 | D:2      | Slain by a gnoll

Illustrated notes

Levels and vault maps discovered:
D:1:      wander_arrival_fairy_ring, layout_basic,
          dreamdust_ecumenical_altar_drowned_temple, serial_shops,
          nicolae_shop_temple_entry_statues_fountains, serial_park_tiny_pond
D:2:      layout_basic, basic_altar

Skill      XL: |  1  2  3 |
---------------+----------+-----
Stealth        | 1 |  1.9
Fighting       | 3 |  3.5
Dodging        | 3 |  3.1
Ranged Weapons | |  4.9

Action                     |  1- 3 |  4- 6 || total
---------------------------+-------+-------++-------
   Fire: Shortbow          |    96 |    17 ||   113
    Use: Scroll            |     1 |     1 ||     2
         Potion            |     1 |       ||     1
 Armour: Leather armour    |    14 |     1 ||    15
  Dodge: Dodged            |    38 |    15 ||    53

Table legend: (Time is in decaauts)
 A = Elapsed time spent in this place.
 B = Non-inter-level travel time spent in this place.
 C = Inter-level travel time spent in this place.
 D = Time resting spent in this place.
 E = Time spent auto-exploring this place.
 F = Levels seen in this place.
 G = Mean time per level.
                   A        B        C        D        E       F      G
               +--------+--------+--------+--------+--------+-----+--------+
         Total |   1225 |   1181 |     44 |      0 |    927 |   2 |  612.5 |
       Dungeon |   1225 |   1181 |     44 |      0 |    927 |   2 |  612.5 |
               +--------+--------+--------+--------+--------+-----+--------+

Top non-repeatable levels by time:
     D:1: 887 daAuts
     D:2: 337 daAuts

Table legend:
 A = Kills in this place as a percentage of kills in entire the game.
 B = Kills by you in this place as a percentage of kills by you in the entire game.
 C = Kills by friends in this place as a percentage of kills by friends in the entire game.
 D = Other kills in this place as a percentage of other kills in the entire game.
 E = Experience gained in this place as a percentage of experience gained in the entire game.
 F = Experience gained in this place divided by the number of levels of this place that you have seen.
                   A       B       C       D       E      F
               +-------+-------+-------+-------+-------+----------------------
         Total | 100.0 | 100.0 |   N/A |   N/A | 100.0 |  64.0
       Dungeon | 100.0 | 100.0 |   N/A |   N/A | 100.0 |  64.0
               +-------+-------+-------+-------+-------+----------------------
